 Dungeon Crawl Stone Soup version 0.16.0-12-g7215832 (webtiles) character file.

108 Sorcv the Sneak (level 5, -14/28 HPs)
             Began as a Kobold Enchanter on Mar 18, 2015.
             Killed from afar by Sorcv's ghost (36 damage)
             ... with an exploding inner flame
             ... hexed by the player character
             ... on level 3 of the Dungeon.
             The game lasted 00:05:16 (1165 turns).

Sorcv the Sneak (Kobold Enchanter)                  Turns: 1165, Time: 00:05:16

Health: -14/28     AC:  3    Str:  7    XL:     5   Next: 12%
Magic:  6/9        EV: 13    Int: 18    God:
Gold:   122        SH:  0    Dex: 17    Spells: 3 memorised, 2 levels left

rFire  . . .     SeeInvis .     a - +1 dagger
rCold  . . .     Clarity  .     b - +1 robe
rNeg   . . .     SustAb   .     (no shield)
rPois  .         Gourm    .     (no helmet)
rElec  .         Spirit   .     (no cloak)
rCorr  .         Warding  .     (no gloves)
rMut   .         Stasis   .     (no boots)
MR     .....                    (no amulet)
Stlth  +.........               (no ring)
                                f - ring of loudness

@: brilliant, glowing, very heavily drained, not resistant to hostile
enchantments, very unstealthy
A: carnivore 3
a: no special abilities


You were on level 3 of the Dungeon.
You were very hungry.

You visited 1 branch of the dungeon, and saw 3 of its levels.

You collected 122 gold pieces.

Inventory:

Hand weapons
 a - a +1 dagger (weapon)
Armour
 b - a +1 robe (worn)
Jewellery
 f - a ring of loudness (left hand)
Scrolls
 e - 2 scrolls of immolation
 i - a scroll of identify
 o - a scroll of blinking {unknown}
Potions
 j - a potion of haste
 n - a potion of might {unknown}
Books
 c - a book of Maledictions

   Spells                             Type                      Level
   a - Corona                         Hexes                        1
   b - Sure Blade                     Hexes/Charms                 2
   c - Ensorcelled Hibernation        Hexes/Ice                    2
   d - Confuse                        Hexes                        3
   e - Dazzling Spray                 Conjuration/Hexes            3
   f - Enslavement                    Hexes                        4
Comestibles
 d - a meat ration
 m - 2 beef jerkies


   Skills:
 - Level 1.3(0.0) Short Blades
 - Level 2.4(0.0) Dodging
 + Level 7.6(4.1) Stealth
 - Level 2.0(0.0) Spellcasting
 - Level 3.0(0.0) Hexes


You had 2 spell levels left.
You knew the following spells:

 Your Spells              Type           Power        Failure   Level  Hunger
a - Corona                Hex            ##.....      2%          1    ##.....
b - Ensorcelled Hibernat  Hex/Ice        ##....       4%          2    ###....
c - Confuse               Hex            ##......     11%         3    ####...


Dungeon Overview and Level Annotations

Branches:
Dungeon (3/15)

Altars:


Innate Abilities, Weirdness & Mutations

You are small and have problems with some larger weapons.
You are carnivorous and can eat meat at any time.


Message History

Unknown command.
Casting: Confuse
Confirm with . or Enter, or press ? or * to list all spells.
Aiming: Confuse
Press: ? - help, Shift-Dir - straight line, f/p - Sorcv's ghost
Aim: Sorcv's ghost, wielding a weapon of draining (inner flame, chance 30%) Sorcv's ghost appears confused.
You hit Sorcv's ghost.
Sorcv's ghost is lightly damaged.
You hit Sorcv's ghost but do no damage.
Sorcv's ghost is lightly damaged.
You hit Sorcv's ghost but do no damage.
Sorcv's ghost is lightly damaged.
Sorcv's ghost completely misses you.
You strike the helpless Sorcv's ghost from behind!
You puncture Sorcv's ghost!!
Sorcv's ghost explodes!
The fiery explosion engulfs you!
Ouch! That really hurt!
You die...

... ### #. #.# #.. .. #)#
#.# ## #)# #####.# #.#
##...#.# #.####......#
#.##........##
#########.§..........#
.........@§§..........####
#####.(.§§§#.###.........
#.###.......####.#.## #
####.##.# #.#.# #.##.#
#.#.# #.##.# #.#.# #.##.#
#.#.# ...#.# #.#.## ......
......


There were no monsters in sight!

Vanquished Creatures
  Ijyb (D:2)
  2 adders (D:2)
  2 worms
  3 giant geckos
  An ooze (D:2)
  4 orcs (D:3)
  10 bats
  2 giant cockroaches
  6 goblins
  6 hobgoblins
  3 jackals (D:1)
  2 quokkas
  A ball python (D:1)
  4 giant newts
  3 kobolds
  8 rats
58 creatures vanquished.

Notes
Turn   | Place    | Note
--------------------------------------------------------------
     0 | D:1      | Sorcv, the Kobold Enchanter, began the quest for the Orb.
     0 | D:1      | Reached XP level 1. HP: 10/10 MP: 3/3
   142 | D:1      | Reached XP level 2. HP: 13/15 MP: 4/4
   216 | D:1      | Reached skill level 5 in Stealth
   235 | D:1      | Learned a level 2 spell: Ensorcelled Hibernation
   344 | D:1      | Reached XP level 3. HP: 15/19 MP: 6/6
   349 | D:1      | Learned a level 3 spell: Confuse
   576 | D:2      | Reached skill level 6 in Stealth
   666 | D:2      | Noticed Ijyb
   673 | D:2      | Killed Ijyb
   673 | D:2      | Reached XP level 4. HP: 22/24 MP: 2/7
   795 | D:2      | Reached skill level 7 in Stealth
  1078 | D:3      | Reached XP level 5. HP: 28/28 MP: 9/9
  1128 | D:3      | Noticed Sorcv's ghost (average KoEn)
  1165 | D:3      | Killed Sorcv's ghost
  1165 | D:3      | Killed from afar by Sorcv's ghost

Action                   |  1- 3 |  4- 6 || total
-------------------------+-------+-------++-------
Melee: Dagger            |    83 |    64 ||   147
 Cast: Ensorcelled Hiber |     3 |     4 ||     7
       Confuse           |       |     4 ||     4
  Use: Scroll            |     1 |     4 ||     5
       Potion            |       |     2 ||     2
 Stab: Sleeping          |     7 |     6 ||    13
       Confused          |       |     1 ||     1
  Eat: Chunk             |       |     1 ||     1
